 Seeded DCSS version 0.29.1-13-g9f3cf754e1 (webtiles) character file.

Game seed: 20230120 (custom seed)

175 stormannn the Cudgeller (level 5, 0/34 HPs)
             Began as a Gargoyle Fighter on Jan 20, 2023.
             Slain by a black bear (6 damage)
             ... on level 4 of the Dungeon.
             The game lasted 00:03:39 (3286 turns).

stormannn the Cudgeller (Gargoyle Fighter)          Turns: 3286, Time: 00:03:41

Health: 0/34       AC: 11    Str: 21    XL:     5   Next: 55%
Magic:  5/5        EV:  9    Int:  9    God:
Gold:   196        SH:  4    Dex:  9    Spells: 4/4 levels left

rFire   . . .      SeeInvis .   a - +0 flail (vorpal)
rCold   + . .      Faith    .   c - +0 buckler
rNeg    + . .      Spirit   .   b - +1 scale mail
rPois   ∞          Reflect  .   (no helmet)
rElec   +          Harm     .   (no cloak)
rCorr   .          Rampage  .   (no gloves)
Will    .....                   (no boots)
Stlth   ..........              (no amulet)
HPRegen 0.11/turn               i - ring of protection from cold
MPRegen 0.09/turn               (no ring)

@: no status effects
A: sickness immunity, AC +4, negative energy resistance 1, electricity
resistance, torment resistance 1, petrification resistance
a: no special abilities


You were on level 4 of the Dungeon.
You visited 1 branch of the dungeon, and saw 4 of its levels.

You collected 196 gold pieces.

Inventory:

Hand Weapons
 a - a +0 vorpal flail (weapon)
Armour
 b - a +1 scale mail (worn)
 c - a +0 buckler (worn)
Jewellery
 i - a ring of protection from cold (left hand)
 o - a ring of ice
Scrolls
 g - 2 scrolls of poison
Potions
 d - a potion of might
 f - a potion of curing
 h - a potion of degeneration
 j - a potion of lignification {unknown}
 k - 2 potions of mutation
 l - a potion of flight {unknown}
 m - a potion of berserk rage {unknown}


   Skills:
 + Level 4.6 Fighting
 * Level 4.7 Maces & Flails
 - Level 3.2 Armour
 - Level 3.2 Shields


You had 4 spell levels left.
You didn't know any spells.
Your spell library contained the following spells:

 Spells                   Type           Power      Damage    Failure   Level
 Passage of Golubria      Tloc           0%         N/A       100%        4
 Silence                  Hex/Air        0%         N/A       100%        5
 Lehudib's Crystal Spear  Conj/Erth      0%         10d2      100%        8


Dungeon Overview and Level Annotations

Branches:
Dungeon (4/15)
 Temple: D:4-7

Altars:


Innate Abilities, Weirdness & Mutations

You are immune to sickness and miasma.
Your stone body is resilient. (AC +4)
You are immune to poison.
You resist negative energy. (rN+)
You are resistant to electric shocks. (rElec)
You are resistant to unholy torment.
You are immune to petrification.


Message History

The black bear bites you! The black bear claws you. x2
The black bear bites you but does no damage.
The black bear claws you but does no damage. x2
You are too injured to fight recklessly!
You are too injured to fight recklessly!
You are too injured to fight recklessly!
You are too injured to fight recklessly!
You hit the black bear.
The black bear is severely wounded.
The black bear bites you but does no damage.
The black bear claws you.
The black bear claws you but does no damage.
The black bear closely misses you. The black bear barely misses you.
The black bear claws you.
Unknown command.
You hit the black bear.
The black bear is almost dead.
The black bear bites you.
* * * LOW HITPOINT WARNING * * *
The black bear claws you but does no damage.
You block the black bear's attack.
The black bear bites you but does no damage.
The black bear claws you but does no damage.
The black bear barely misses you.
Unknown command.
You closely miss the black bear.
The black bear is almost dead.
The black bear bites you but does no damage.
The black bear claws you but does no damage.
The black bear closely misses you.
Unknown command.
Unknown command.
You hit the black bear but do no damage.
The black bear is almost dead.
The black bear bites you but does no damage.
The black bear claws you but does no damage.
The black bear claws you.
* * * LOW HITPOINT WARNING * * *
You block the black bear's attack. The black bear claws you.
You die...

......# #.#.#
#..##.# #.#.#
#..##.# #.#.#
#..##.# #.#.#
##.##.###.#.#
#.........#.#
#####...........#
#......##.###.###
#@####.##.# #.#
#h####.##.###.#
..............#
...####.##.###.#
.#### ##.##.# #.#
...#####.....#
#.#
#.#..........##
#.# # ###.....#
#.#
#.......####.##


You could see a black bear (berserk).

Vanquished Creatures
  A hound (D:2)
  5 adders
  3 dart slugs
  5 orcs (D:3)
  7 endoplasms
  4 giant cockroaches
  11 goblins
  8 hobgoblins
  3 jackals (D:1)
  2 quokkas
  12 ball pythons
  4 bats
  4 frilled lizards
  14 kobolds
  6 rats
89 creatures vanquished.

Notes
Turn   | Place    | Note
-------+----------+-------------------------------------------
     0 | D:1      | stormannn the Gargoyle Fighter began the quest for the Orb.
     0 | D:1      | Reached XP level 1. HP: 14/14 MP: 1/1
    53 | D:1      | Reached XP level 2. HP: 12/19 MP: 2/2
   422 | D:1      | Found a faded altar of an unknown god.
   974 | D:2      | Reached XP level 3. HP: 21/24 MP: 3/3
  1701 | D:2      | Reached XP level 4. HP: 23/29 MP: 4/4
  2177 | D:2      | Reached XP level 5. HP: 32/34 MP: 5/5
  2266 | D:2      | Identified the +2 robe "Jatwef" {Rampage *Corrode Dex+2}
  3278 | D:4      | Noticed a black bear
  3286 | D:4      | Slain by a black bear

Illustrated notes

Levels and vault maps discovered:
D:1:      psy_arrival_conway, layout_basic,
          shapermc_ecumenical_altar_mp_ritualfount
D:2:      minmay_door_path, layout_rooms, grunt_ministairs_12, uniq_robin
D:3:      kb_forest_paths, layout_loops_cross
D:4:      layout_loops_ring, lemuel_doored_altar, nrook_mini_backslash,
          uniq_blork_the_orc

Skill      XL: |  1  2  3  4 |
---------------+-------------+-----
Maces & Flails | 3 4 |  4.7
Fighting       | 4 |  4.6
Armour         | |  3.2
Shields        | |  3.2

Action                   |  1- 3 |  4- 6 || total
-------------------------+-------+-------++-------
Melee: Flail             |   132 |   147 ||   279
  Use: Scroll            |     5 |     4 ||     9
Armor: Scale mail        |    83 |    85 ||   168
Dodge: Dodged            |    64 |    59 ||   123
Block: Buckler           |    33 |    25 ||    58
